 Dungeon Crawl Stone Soup version 0.22-a0-266-g5fdf0d7 (webtiles) character file.

184 Ghella the Covered (level 5, -1/41 HPs)
             Began as a Mummy Fighter on Mar 8, 2018.
             Killed by divine providence
             ... invoked by an orc priest
              (14 damage)
             ... on level 4 of the Dungeon.
             The game lasted 00:04:56 (4336 turns).

Ghella the Covered (Mummy Fighter)                  Turns: 4336, Time: 00:04:57

Health: -1/41      AC:  9    Str: 20    XL:     5   Next: 36%
Magic:  5/5        EV:  7    Int:  8    God:
Gold:   151        SH:  0    Dex: 11    Spells: 4/4 levels left

rFire    x . .     SeeInvis .   a - +0 war axe
rCold    + . .     Gourm    .   c - +0 shield
rNeg     + + +     Faith    .   b - +0 scale mail
rPois    ∞         Spirit   .   g - +1 helmet
rElec    .         Reflect  .   (no cloak)
rCorr    .         Harm     .   (no gloves)
MR       .....                  (no boots)
Stlth    ..........             (no amulet)
HPRegen  0.13/turn              (no ring)
MPRegen  0.09/turn              (no ring)

@: confused
A: no food or potions, fire vulnerability, cold resistance 1, negative energy
resistance 3, torment resistance, unbreathing
a: no special abilities


You were on level 4 of the Dungeon.
You were not hungry.

You visited 1 branch of the dungeon, and saw 4 of its levels.
You also visited: Sewer.

You collected 151 gold pieces.

Inventory:

Hand Weapons
 a - a +0 war axe (weapon)
Armour
 b - a +0 scale mail (worn)
 c - a +0 shield (worn)
 g - a +1 helmet (worn)
 l - a +0 large shield
Scrolls
 d - 6 scrolls of identify {unknown}
 e - a scroll of teleportation
 i - a scroll of blinking {unknown}
 j - 2 scrolls of fog {unknown}
 k - a scroll of noise {unknown}


   Skills:
 + Level 3.6 Fighting
 + Level 3.0 Axes
 * Level 3.8 Armour
 + Level 2.5 Shields


You had 4 spell levels left.
You didn't know any spells.

Dungeon Overview and Level Annotations

Branches:
Dungeon (4/15)
 Temple: D:4-7

Altars:
Ru

Annotations:
D:3 Tovarisch's ghost, amateur DsNe


Innate Abilities, Weirdness & Mutations

You do not eat or drink.
Your flesh is vulnerable to fire.
You are immune to poison.
Your flesh is cold resistant. (rC+)
You are immune to negative energy. (rN+++)
You are immune to unholy pain and torment.
You can survive without breathing.


Message History

You block the orc wizard's attack. You block the orc priest's attack.
The orc hits you with a morningstar! The orc hits you with a club.
The orc wizard hits you but does no damage.
The orc priest hits you but does no damage.
You closely miss the orc priest. You closely miss the orc.
You barely miss the orc wizard. You slash the orc!
You kill the orc!
The orc hits you with a morningstar! The orc wizard casts a spell at you.
You are confused.
The orc priest barely misses you.
You can't drink.
You're too confused!
You closely miss the orc wizard. You miss the orc. You hit the orc priest.
The orc hits you with a morningstar. The orc wizard closely misses you.
The orc priest miscasts a cantrip.
The orc hits you with a morningstar!
The orc priest mumbles some strange prayers to Beogh against you.
Beogh smites you!
You die...

###'####..
+###........
...........#######
...........#.......#
?..........#.......#
...........#.......+
.......o...........#
......)o.o.........#
....#####@..≈≈≈....#
...
#......≈≈≈≈≈...#######
.
#......≈≈.≈≈.........#
#......≈≈≈≈≈.........#
#.......≈≈≈...÷......#
#.....)..............#
###+#................#
...##....>........#
.... #......>##...##


You could see an orc priest, an orc wizard and an orc.

Vanquished Creatures
  7 adders
  2 oozes (Sewer)
  An adder skeleton (D:4)
  3 worms
  A dart slug (D:3)
  A leopard gecko (D:2)
  2 orcs (D:4)
  2 giant cockroaches
  8 goblins
  8 hobgoblins
  19 jackals
  12 kobolds
  2 quokkas
  5 ball pythons
  9 bats
  A frilled lizard (D:2)
  12 rats
95 creatures vanquished.

Vanquished Creatures (others)
  7 toadstools (D:4)
7 creatures vanquished.

Grand Total: 102 creatures vanquished

Notes
Turn   | Place    | Note
-------+----------+-------------------------------------------
     0 | D:1      | Ghella the Mummy Fighter began the quest for the Orb.
     0 | D:1      | Reached XP level 1. HP: 18/18 MP: 1/1
   823 | D:1      | Reached XP level 2. HP: 24/24 MP: 2/2
  1465 | D:2      | Reached XP level 3. HP: 27/29 MP: 3/3
  1473 | D:2      | Found a sacrificial altar of Ru.
  1860 | D:2      | Reached XP level 4. HP: 30/35 MP: 4/4
  2590 | D:3      | Noticed Tovarisch's ghost (amateur DsNe)
  3309 | D:4      | Found a glowing drain.
  3331 | Sewer    | Entered a sewer
  3731 | Sewer    | Reached XP level 5. HP: 32/41 MP: 5/5
  4336 | D:4      | Killed from afar by an orc priest

Vault maps used:
D:1:      dpeg_arrival_long_road
D:2:      grunt_decor_one_mirror, hangedman_ru_absence
D:3:      kennysheep_another_room
D:4:      cheibrodos_fertilizer, yredelemnul_altar_generic,
          kennysheep_mini_moat, portal_sewer_entry_a
Sewer:    sewer_co_15_rooms

Skill      XL: |  1  2  3  4  5 |
---------------+----------------+-----
Armour         | 3 |  3.8
Axes           | 2 3 |  3.0
Fighting       | |  3.6
Shields        | |  2.5

Action                   |  1- 3 |  4- 6 || total
-------------------------+-------+-------++-------
Melee: War axe           |   144 |   194 ||   338
  Use: Scroll            |       |     3 ||     3
Armor: Scale mail        |    98 |   113 ||   211
Dodge: Dodged            |    65 |    82 ||   147
Block: Shield            |    70 |    92 ||   162

Table legend:
 A = Spawn XP
 B = Non-spawn XP
 C = Spawn XP percentage of total XP
 D = Spawn monster count
 E = Non-spawn monster count
 F = Spawn count percentage of total count
 G = Total turns spent on level
                    A         B        C        D         E        F      G
               +---------+---------+-------+---------+---------+-------+---------
         Total |       0 |     263 |   0.0 |       0 |      95 |   0.0 |  4336
               +---------+---------+-------+---------+---------+-------+---------
           D:1 |       0 |      35 |   0.0 |       0 |      22 |   0.0 |  1454
           D:2 |       0 |      74 |   0.0 |       0 |      34 |   0.0 |  1473
           D:3 |       0 |      31 |   0.0 |       0 |      10 |   0.0 |   372
           D:4 |       0 |      30 |   0.0 |       0 |       9 |   0.0 |    57
         Sewer |       0 |      93 |   0.0 |       0 |      20 |   0.0 |   980
               +---------+---------+-------+---------+---------+-------+---------
